 Dungeon Sprint DCSS version 0.17-a0-1997-ga88ed7d (webtiles) character file.

5067 Adamkad1 the Peltast (level 10, -3/87 HPs)
             Began as a Formicid Fighter on Oct 8, 2015.
             Was a High Priest of Qazlal.
             Killed from afar by a balrug (24 damage)
             ... with a bolt of fire
             ... in the Dungeon (Sprint V: "Ziggurat Sprint").
             The game lasted 00:12:06 (804 turns).

Adamkad1 the Peltast (Formicid Fighter)              Turns: 804, Time: 00:12:06

Health: -3/87      AC: 31    Str: 33    XL:     10   Next: 86%
Magic:  1/19       EV:  3    Int:  8    God:    Qazlal [*****.]
Gold:   0          SH: 39    Dex: 10    Spells: 0 memorised, 9 levels left

rFire  . . .     SeeInvis +     a - +14 obsidian axe {chop, +Fly Str+3 SInv *Curse} (curse)
rCold  . . .     Clarity  .     b - +15 Maxwell's patent armour {-Cast -Tele rElec MR+ rCorr}
rNeg   + . .     SustAt   .     c - +18 shield of the gong {rElec rN+ MR+ EV-5}
rPois  .         Gourm    .     (helmet unavailable)
rElec  +         Spirit   .     (no cloak)
rCorr  +         Warding  .     (no gloves)
rMut   .         Stasis   +     (no boots)
MR     ++++.     NoCast   +     (no amulet)
Stlth  ..........               G - ring of protection from magic
                                J - +6 ring of strength

@: mesmerised, repel missiles, incredibly resistant to hostile enchantments,
extremely unstealthy
A: permanent stasis, dig shafts and tunnels, four strong arms, antennae 3
a: Dig, Upheaval, Elemental Force, Disaster Area, Renounce Religion, Evoke
Flight


You were in the Dungeon.
You worshipped Qazlal.
Qazlal was extremely pleased with you.
You were not hungry.

You visited 1 branch

Inventory:

Hand Weapons
 a - the cursed +14 obsidian axe (weapon) {chop, +Fly Str+3 SInv *Curse}
   (You found it in the Dungeon)

   It inflicts extra damage upon your enemies.
   It affects your strength (+3).
   It lets you see invisible.
   It lets you fly.
   It may re-curse itself when equipped.
   It has a curse placed upon it.
Armour
 b - the +15 Maxwell's patent armour (worn) {-Cast -Tele rElec MR+ rCorr}
   (You found it in the Dungeon)

   It insulates you from electricity.
   It affects your resistance to hostile enchantments.
   It prevents spellcasting.
   It prevents most forms of teleportation.
   It protects you from acid and corrosion.
 c - the +18 shield of the gong (worn) {rElec rN+ MR+ EV-5}
   (You found it in the Dungeon)

   It affects your evasion (-5).
   It insulates you from electricity.
   It protects you from negative energy.
   It affects your resistance to hostile enchantments.
Magical Staves
 D - an uncursed staff of energy
Rods
 P - a +7 rod of ignition (10/10)
   (You found it in the Dungeon)
Jewellery
 G - a ring of protection from magic (right hand)
 J - a +6 ring of strength (left hand)
 K - a +6 ring of strength
 L - an uncursed ring of flight
 M - a +1 ring of evasion
 S - a +2 ring of slaying
 T - a +4 ring of strength
 V - a +6 ring of dexterity
Wands
 y - a wand of disintegration (7)
 A - a wand of fire (5)
 B - a wand of cold (5)
 C - a wand of draining (5)
 I - a wand of flame (13)
Scrolls
 k - 4 scrolls of blinking
 q - 4 scrolls of amnesia
 r - 3 scrolls of recharging
 s - 7 scrolls of fog
 t - 2 scrolls of holy word
 u - 5 scrolls of identify
 v - 5 scrolls of remove curse
 w - 2 scrolls of fear
Potions
 d - 6 potions of might
 f - 10 potions of curing
 g - 10 potions of heal wounds
 h - 6 potions of haste
 i - 7 potions of magic
 j - 3 potions of berserk rage
 l - 2 potions of brilliance
 m - 2 potions of invisibility
 n - 4 potions of resistance
 o - a potion of experience
 p - 6 potions of agility
Books
 N - the Handbook of Evil and Clay
   (You found it in the Dungeon)

   Spells                             Type                      Level
   a - Sandblast                      Earth                        1
   b - Animate Skeleton               Necromancy                   1
   c - Pain                           Necromancy                   1
   d - Bolt of Draining               Conjuration/Necromancy       5
   e - Lee's Rapid Deconstruction     Earth                        5
   f - Death Channel                  Necromancy                   6
 O - a book of Cantrips

   Spells                             Type                      Level
   a - Corona                         Hexes                        1
   b - Animate Skeleton               Necromancy                   1
   c - Summon Small Mammal            Summoning                    1
   d - Apportation                    Translocation                1
 Q - Intusod's Tome of Moulding and Evil Magic
   (You found it in the Dungeon)

   Spells                             Type                      Level
   a - Animate Skeleton               Necromancy                   1
   b - Pain                           Necromancy                   1
   c - Sublimation of Blood           Necromancy                   2
   d - Sticks to Snakes               Transmutation                2
   e - Ignite Poison                  Fire/Transmutation/Poison    3
   f - Petrify                        Transmutation/Earth          4
 W - a book of Debilitation

   Spells                             Type                      Level
   a - Corona                         Hexes                        1
   b - Slow                           Hexes                        2
   c - Gell's Gravitas                Hexes/Translocation          3
   d - Inner Flame                    Hexes/Fire                   3
   e - Cause Fear                     Hexes                        4
   f - Leda's Liquefaction            Hexes/Earth                  4
Miscellaneous
 E - a crystal ball of energy
 F - a disc of storms
 H - a plain deck of changes
 U - a plain deck of summoning
Comestibles
 e - 5 bread rations
 x - 42 fruits
 z - 4 meat rations
 R - 6 chunks of flesh


   Skills:
 + Level 11.0 Fighting
 + Level 7.4 Axes
 * Level 13.3 Armour
 + Level 0.5 Dodging
 + Level 1.0 Stealth
 * Level 16.0 Shields
 * Level 13.0 Invocations


You had 9 spell levels left.
You didn't know any spells.

Dungeon Overview and Level Annotations

Branches:
Dungeon (1/1)

Altars:
Ashenzari
Cheibriados
Dithmenos
Elyvilon
Fedhas
Gozag
Kikubaaqudgha
Makhleb
Nemelex Xobeh
Okawaru
Qazlal
Ru
Sif Muna
Trog
Vehumet
Xom
Yredelemnul
Zin
The Shining One
Beogh
Jiyva
Lugonu


Innate Abilities, Weirdness & Mutations

You are under a permanent stasis effect.
You can dig through walls and to a lower floor.
Your four strong arms can wield two-handed weapons with a shield.
You have a pair of large antennae on your head (SInv).


Message History

You block the balrug's attack.
BONNNG!
The small abomination is engulfed in freezing vapours.
The small abomination hits you! The balrug gestures at you.
Something smites you!
* * * LOW HITPOINT WARNING * * *
New annotation for D (include '!' for warning):
Okay, then.
Use which ability?
You don't have enough magic at the moment.
You completely miss the balrug.
The balrug is lightly wounded.
You hit the small abomination.
You destroy the small abomination!
Qazlal accepts your kill.
Your Stealth skill increases to level 1!
The balrug gestures at you. The bolt of fire hits you!
You die...

▓▓▓▓▓▓▓▓▓
▓..8©8..▓
{
▓..))?..▓
▓..)!|..▓
▓.......▓
▓.......▓
▓...§...▓
▓.§§2...▓
▓.▓@§.▓.▓
▓.......▓
▓▓▓▓▓▓▓▓▓


{{{{{ {{{{ You could see a balrug.

Vanquished Creatures
  A vault warden (D)
  A freezing wraith (D)
  An air elemental (D)
  Sigmund (D)
  A redback (D)
  3 insubstantial wisps (D)
  A water moccasin (D)
  A small abomination (D)
  Blork the orc (D)
  Dowan (D)
  2 quasits (D)
  Crazy Yiuf (D)
  2 iron imps (D)
  Jessica (D)
  A shadow imp (D)
  2 white imps (D)
  An ufetubus (D)
  2 ball pythons (D)
24 creatures vanquished.

Vanquished Creatures (collateral kills)
  An ironheart preserver (D)
  2 vault guards (D)
  A raiju (D)
  A crimson imp (D)
5 creatures vanquished.

Vanquished Creatures (others)
  10 azure jellies (D)
  11 death oozes (D)
  Sonja (D)
  A spatial maelstrom (D)
23 creatures vanquished.

Grand Total: 52 creatures vanquished

Notes
Turn   | Place    | Note
--------------------------------------------------------------
     0 | D        | Adamkad1 the Formicid Fighter began the quest for the Orb.
     0 | D        | Reached XP level 1. HP: 18/18 MP: 1/1
     0 | D        | Found a roughly hewn altar of Beogh.
     0 | D        | Found a corrupted altar of Lugonu.
     0 | D        | Found a viscous altar of Jiyva.
     0 | D        | Found a white marble altar of Elyvilon.
     0 | D        | Found a sparkling altar of Nemelex Xobeh.
     0 | D        | Found a burning altar of Makhleb.
     0 | D        | Found an iron altar of Okawaru.
     0 | D        | Found a deep blue altar of Sif Muna.
     0 | D        | Found a radiant altar of Vehumet.
     0 | D        | Found a bloodstained altar of Trog.
     0 | D        | Found a shimmering altar of Xom.
     2 | D        | Banished a spatial maelstrom
     4 | D        | Killed Sonja
    67 | D        | Became a worshipper of Qazlal Stormbringer
   104 | D        | Killed a death ooze
   122 | D        | Killed a death ooze
   128 | D        | Killed a death ooze
   151 | D        | Killed an azure jelly
   172 | D        | Killed a death ooze
   196 | D        | Killed a death ooze
   201 | D        | Killed an azure jelly
   220 | D        | Entered arena 1.
   220 | D        | Noticed an iron imp
   222 | D        | Reached skill level 4 in Armour
   222 | D        | Reached skill level 1 in Invocations
   222 | D        | Reached XP level 2. HP: 24/24 MP: 1/3
   223 | D        | Killed an iron imp
   223 | D        | Reached skill level 5 in Shields
   223 | D        | Reached XP level 3. HP: 28/31 MP: 1/5
   231 | D        | Entered arena 2.
   231 | D        | Noticed a water moccasin
   234 | D        | Acquired Qazlal's first power
   235 | D        | Killed a water moccasin
   235 | D        | Reached skill level 6 in Fighting
   235 | D        | Reached skill level 7 in Shields
   235 | D        | Reached skill level 5 in Invocations
   235 | D        | Reached XP level 4. HP: 33/41 MP: 2/7
   235 | D        | Reached XP level 5. HP: 37/47 MP: 2/8
   242 | D        | Killed an azure jelly
   248 | D        | Entered arena 3.
   248 | D        | Noticed a raiju
   248 | D        | Noticed a crimson imp
   251 | D        | Acquired Qazlal's second power
   253 | D        | Killed a crimson imp
   253 | D        | Reached XP level 6. HP: 37/53 MP: 4/10
   258 | D        | Killed a raiju
   258 | D        | Reached skill level 8 in Armour
   258 | D        | Reached skill level 9 in Shields
   259 | D        | Killed an azure jelly
   271 | D        | Identified the Handbook of Evil and Clay (You found it in the Dungeon)
   303 | D        | Killed an azure jelly
   360 | D        | Killed a death ooze
   436 | D        | Killed a death ooze
   460 | D        | Entered arena 4.
   460 | D        | Noticed an air elemental
   460 | D        | Noticed an insubstantial wisp
   460 | D        | Noticed an insubstantial wisp
   460 | D        | Noticed an insubstantial wisp
   462 | D        | Killed an insubstantial wisp
   462 | D        | Reached XP level 7. HP: 59/61 MP: 6/11
   463 | D        | Killed an air elemental
   463 | D        | Reached skill level 10 in Shields
   465 | D        | Killed an insubstantial wisp
   465 | D        | Reached skill level 10 in Armour
   465 | D        | Reached skill level 11 in Shields
   466 | D        | Killed an insubstantial wisp
   466 | D        | Reached XP level 8. HP: 63/70 MP: 2/13
   477 | D        | Identified Intusod's Tome of Moulding and Evil Magic (You found it in the Dungeon)
   530 | D        | Killed an azure jelly
   585 | D        | Killed an azure jelly
   595 | D        | Killed a death ooze
   629 | D        | Killed a death ooze
   642 | D        | Killed a death ooze
   645 | D        | Entered arena 5.
   645 | D        | Noticed Sigmund
   645 | D        | Noticed Jessica
   645 | D        | Noticed Blork the orc
   645 | D        | Noticed Crazy Yiuf
   645 | D        | Noticed Dowan
   646 | D        | Killed Jessica
   646 | D        | Killed Dowan
   646 | D        | Acquired Qazlal's third power
   646 | D        | Killed Crazy Yiuf
   649 | D        | Killed Blork the orc
   654 | D        | Killed Sigmund
   654 | D        | Reached skill level 5 in Axes
   654 | D        | Reached skill level 12 in Shields
   688 | D        | Killed an azure jelly
   697 | D        | Killed an azure jelly
   743 | D        | Got the +13 plate armour "Pytie" {rElec Str+5 SInv}
   755 | D        | Killed an azure jelly
   756 | D        | Entered arena 6.
   756 | D        | Noticed a vault guard
   756 | D        | Noticed a redback
   756 | D        | Noticed a vault guard
   756 | D        | Noticed a freezing wraith
   756 | D        | Noticed a vault warden
   756 | D        | Noticed an ironheart preserver
   759 | D        | Killed a redback
   763 | D        | Killed a freezing wraith
   763 | D        | Reached XP level 9. HP: 77/77 MP: 2/15
   765 | D        | Killed a vault warden
   765 | D        | Reached skill level 10 in Fighting
   765 | D        | Reached skill level 14 in Shields
   765 | D        | Killed a vault guard
   765 | D        | Acquired Qazlal's fourth power
   765 | D        | Reached XP level 10. HP: 83/86 MP: 3/18
   768 | D        | Killed an ironheart preserver
   768 | D        | Reached skill level 15 in Shields
   769 | D        | Killed a death ooze
   772 | D        | Killed a vault guard
   798 | D        | Entered arena 7.
   798 | D        | Noticed an iron imp
   798 | D        | Noticed a small abomination
   798 | D        | Noticed a quasit
   798 | D        | Noticed a quasit
   798 | D        | Noticed a balrug
   799 | D        | Killed an iron imp
   799 | D        | Reached skill level 16 in Shields
   799 | D        | Killed a quasit
   799 | D        | Acquired Qazlal's fifth power
   800 | D        | Killed a quasit
   804 | D        | Killed a small abomination
   804 | D        | Reached skill level 1 in Stealth
   804 | D        | Killed from afar by a balrug

Vault maps used:
D:        sprint_v

Action                   |  1- 3 |  4- 6 |  7- 9 | 10-12 || total
-------------------------+-------+-------+-------+-------++-------
Melee: Broad axe         |     4 |     8 |    11 |     9 ||    32
Invok: Upheaval          |       |     1 |     7 |     2 ||    10
 Stab: Petrifying        |       |       |       |     1 ||     1
